 Dungeon Sprint DCSS version 0.30-a0-54-g2e61a25929 (webtiles) character file.

Game seed: 15863123270832415133

35 Ankalagon the Shield-Bearer (level 3, -2/23 HPs)
             Began as a Gargoyle Fighter on Sept 8, 2022.
             Engulfed by a cloud of steam (13 damage)
             ... in the Dungeon (Sprint II: "The Violet Keep of Menkaure").
             The game lasted 00:00:20 (49 turns).

Ankalagon the Shield-Bearer (Gargoyle Fighter)        Turns: 49, Time: 00:00:20

Health: -2/23      AC: 10    Str: 19    XL:     3   Next: 35%
Magic:  3/3        EV:  9    Int:  8    God:
Gold:   243        SH:  5    Dex: 11    Spells: 2/2 levels left

rFire   . . .      SeeInvis .    a - +0 flail
rCold   . . .      Faith    .    c - +0 buckler
rNeg    + . .      Spirit   .    b - +0 scale mail
rPois   ∞          Reflect  .    (no helmet)
rElec   +          Harm     .    (no cloak)
rCorr   .          Rampage  .    (no gloves)
Will    .....      NoTele   +    (no boots)
Stlth   ..........               (no amulet)
HPRegen 0.07/turn                (no ring)
MPRegen 0.08/turn                (no ring)

@: very slow
A: sickness immunity, AC +3, negative energy resistance 1, electricity
resistance, torment resistance 1, petrification resistance
a: no special abilities


You were in the Dungeon.
You visited 1 branch You collected 243 gold pieces.

Inventory:

Hand Weapons
 a - a +0 flail (weapon)
Armour
 b - a +0 scale mail (worn)
 c - a +0 buckler (worn)
Scrolls
 j - a scroll of blinking
Potions
 d - a potion of might
 e - a potion of curing
 f - a potion of heal wounds
 g - a potion of haste
 h - 2 potions of magic
 i - a potion of berserk rage


   Skills:
 - Level 3.2 Fighting
 + Level 4.8 Maces & Flails
 - Level 3.2 Armour
 + Level 5.9 Shields


You had 2 spell levels left.
You didn't know any spells.
Your spell library was empty.

Dungeon Overview and Level Annotations

Branches:
Dungeon (1/1)

Altars:
Nemelex Xobeh
Okawaru
Uskayaw
Vehumet
Yredelemnul
Zin
The Shining One

Annotations:
D Roxanne


Innate Abilities, Weirdness & Mutations

You are immune to sickness and miasma.
Your stone body is resilient. (AC +3)
You are immune to poison.
You resist negative energy. (rN+)
You are resistant to electric shocks. (rElec)
You are resistant to unholy torment.
You are immune to petrification.


Message History

You barely miss the water moccasin.
The water moccasin is severely wounded.
The water moccasin closely misses you. x2
You miss the water moccasin.
The water moccasin is severely wounded.
The water moccasin bites you but does no damage.
The water moccasin barely misses you.
You miss the water moccasin.
The water moccasin is severely wounded.
You block the water moccasin's attack.
You hit the water moccasin.
The water moccasin is almost dead.
The water moccasin bites you but does no damage.
You block the water moccasin's attack.
You barely miss the water moccasin.
The water moccasin is almost dead.
The water moccasin bites you but does no damage.
You block the water moccasin's attack.
You miss the water moccasin.
The water moccasin is almost dead.
The water moccasin bites you but does no damage.
The water moccasin bites you.
You are too injured to fight recklessly!
You hit the water moccasin.
You kill the water moccasin!
Your Maces & Flails skill increases to level 4!
Your Shields skill increases to level 5!
You have reached level 3!
Your experience leads to an increase in your attributes!
Increase (S)trength, (I)ntelligence, or (D)exterity?
You feel agile. x2
There is an open door here.
You enter the shallow water.
Moving in this stuff is going to be slow.
You are engulfed in a cloud of scalding steam.
Found three altars.
Found four altars.
You are engulfed in a cloud of scalding steam.
Ouch! That really hurt!
You die...

..## #+# #..# ##.##
#..# +.<.+ +..### ##
##.## #....###.^. #†##
##§§....~~~~
###..####~§§§§..~#+#
#.##..#~~~~§~~..~#._
##.#.##~~~~~@§§.~#..
#~~##'##~~~§§≈§~§§~#._
#~~~~~~~~~~≈§§§§~~#_.
#+++#+++#§§§§§§§≈~#._
~§~. ##§§≈###≈≈#_.
..~.~§ ##≈≈# ≈§#._
+~.~§§8~. +≈§# ≈#_.
##~.~~~~~ ≈≈≈≈ ≈###
##...~~.~ ##


There were no monsters in sight!

Vanquished Creatures
  A water moccasin (D)
  3 worms (D)
4 creatures vanquished.

Notes
Turn   | Place    | Note
-------+----------+-------------------------------------------
     0 | D        | Ankalagon the Gargoyle Fighter began the quest for the Orb.
     0 | D        | Reached XP level 1. HP: 14/14 MP: 1/1
     9 | D        | Reached skill level 4 in Shields
    17 | D        | Reached XP level 2. HP: 17/19 MP: 2/2
    22 | D        | Noticed Roxanne
    25 | D        | Noticed a water moccasin
    37 | D        | Killed a water moccasin
    38 | D        | Reached skill level 5 in Shields
    38 | D        | Reached XP level 3. HP: 15/23 MP: 3/3
    48 | D        | Found a glowing silver altar of Zin.
    48 | D        | Found a radiant altar of Vehumet.
    48 | D        | Found an iron altar of Okawaru.
    49 | D        | Found a basalt altar of Yredelemnul.
    49 | D        | Found a glowing golden altar of the Shining One.
    49 | D        | Found a hide-covered altar of Uskayaw.
    49 | D        | Found a sparkling altar of Nemelex Xobeh.
    49 | D        | Engulfed by a cloud of steam

Illustrated notes

Levels and vault maps discovered:
D:        the_violet_keep_of_menkaure [sprint2_stairs_cluster_1,
          sprint2_shoproom, sprint2_temple, sprint2_basic_supplies,
          sprint2_obstacle_6, sprint2_obstacle_7, sprint2_obstacle_2,
          sprint2_obstacle_4, sprint2_obstacle_3, sprint2_timed_cluster_1,
          sprint2_smallroom_cluster_1, sprint2_smallroom_final_cluster_1,
          sprint2_transparent_cluster_1, sprint2_second_timed_cluster_1,
          sprint2_sniper_area_1, sprint2_heavy_combat_area_1,
          sprint2_mutation_trap_area_1, sprint2_forest_area_1,
          sprint2_light_combat_area_1, sprint2_behind_water_1,
          sprint2_near_end_vault_1]

Skill      XL: |  1  2 |
---------------+-------+-----
Shields        | 4 5 |  5.9
Maces & Flails | 3 4 |  4.8
Fighting       | |  3.2
Armour         | |  3.2

Action                   || total
-------------------------++-------
Melee: Flail             ||    24
Armor: Scale mail        ||     8
Dodge: Dodged            ||     8
Block: Buckler           ||     7

Table legend: (Time is in decaauts)
 A = Elapsed time spent in this place.
 B = Non-inter-level travel time spent in this place.
 C = Inter-level travel time spent in this place.
 D = Time resting spent in this place.
 E = Time spent auto-exploring this place.
 F = Levels seen in this place.
 G = Mean time per level.
                   A        B        C        D        E       F      G
               +--------+--------+--------+--------+--------+-----+--------+
         Total |     60 |     60 |      0 |      0 |      0 |   1 |   60.0 |
       Dungeon |     60 |     60 |      0 |      0 |      0 |   1 |   60.0 |
               +--------+--------+--------+--------+--------+-----+--------+

Top non-repeatable levels by time:
       D: 60 daAuts
